[Event "Titled Tuesday Blitz June 27 Early 2023"]
[White "Mekhitarian, Krikor Sevag"]
[Black "Indjic, Aleksandar"]
[WhiteFideId "2107660"]
[BlackFideId "911925"]
[WhiteElo "2867"]
[BlackElo "2960"]
[Result "1-0"]
[Round "11"]
[TimeControl "180+2"]
[Date "2023.06.27"]
[WhiteClock "0:01:28"]
[BlackClock "0:02:27"]
[Board "10"]

1. Nf3 e6 2. c4 a6 3. e4 c5 4. Nc3 Nc6 5. d4 cxd4 6. Nxd4 Bc5 7. Nb3 Bb4 8. Bd2 Nf6 9. Bd3 O-O 10. O-O b6 11. a3 Be7 12. Rc1 Bb7 13. Re1 Ne5 14. Bf1 Rc8 15. c5 Nxe4 16. Nxe4 1-0


[Site "https://www.chess.com"]

[Event "Titled Tuesday Blitz June 27 Early 2023"]
[White "Erdogmus, Yagiz Kaan"]
[Black "Nguyen, Ngoc Truong Son"]
[WhiteFideId "44599790"]
[BlackFideId "12401110"]
[WhiteElo "2871"]
[BlackElo "2954"]
[Result "0-1"]
[Round "11"]
[TimeControl "180+2"]
[Date "2023.06.27"]
[WhiteClock "0:00:09"]
[BlackClock "0:01:07"]
[Board "11"]

1. e4 g6 2. d4 Bg7 3. Nc3 d6 4. Be3 a6 5. Qd2 b5 6. h4 Nf6 7. f3 Nbd7 8. Bh6 Bxh6 9. Qxh6 c5 10. O-O-O cxd4 11. Rxd4 Qb6 12. Nge2 Bb7 13. Kb1 Ne5 14. Rd1 O-O-O 15. Nd4 Kb8 16. Qd2 Rc8 17. b3 Rc7 18. Nce2 Rhc8 19. Nc1 Bxe4 20. fxe4 Nxe4 21. Qe1 Nc3+ 22. Kb2 b4 23. Nce2 Nxd1+ 24. Qxd1 a5 25. g3 Ng4 26. Qd2 e5 27. Bh3 exd4 28. Bxg4 Rxc2+ 29. Qxc2 Rxc2+ 30. Kxc2 Qc6+ 31. Kd2 Qxh1 0-1


[Site "https://www.chess.com"]

[Event "Titled Tuesday Blitz June 27 Early 2023"]
[White "Bharath Subramaniyam H"]
[Black "Durarbayli, Vasif"]
[WhiteFideId "46634827"]
[BlackFideId "13402935"]
[WhiteElo "2835"]
[BlackElo "2924"]
[Result "0-1"]
[Round "11"]
[TimeControl "180+2"]
[Date "2023.06.27"]
[WhiteClock "0:00:20"]
[BlackClock "0:01:35"]
[Board "12"]

1. e4 c5 2. Nf3 d6 3. d4 cxd4 4. Nxd4 Nf6 5. Nc3 Nc6 6. Bc4 e6 7. Be3 a6 8. Bb3 Na5 9. Qe2 b5 10. O-O-O b4 11. Na4 Nxb3+ 12. axb3 Bd7 13. Nf3 Bxa4 14. bxa4 Nxe4 15. Qc4 Nf6 16. Qxb4 Be7 17. Ne5 Qc7 18. Nd3 O-O 19. Qb6 Qc8 20. Nf4 Rb8 21. Qa5 Qb7 22. b3 Rfc8 23. Rd3 d5 24. Qd2 Ne4 25. Qe2 Nc3 26. Qf3 Ba3+ 27. Kd2 Ne4+ 28. Kd1 Qc6 29. Bd2 Qxc2+ 30. Ke2 Rxb3 31. Rd1 Rxd3 32. Qxd3 Nc3+ 0-1


[Site "https://www.chess.com"]

[Event "Titled Tuesday Blitz June 27 Early 2023"]
[White "Antipov, Mikhail Al."]
[Black "Danielyan, Vahe"]
[WhiteFideId "4107012"]
[BlackFideId "13304828"]
[WhiteElo "2920"]
[BlackElo "2717"]
[Result "1-0"]
[Round "11"]
[TimeControl "180+2"]
[Date "2023.06.27"]
[WhiteClock "0:00:06"]
[BlackClock "0:00:06"]
[Board "13"]

1. e4 c5 2. Nf3 e6 3. b3 Nc6 4. Bb2 Nf6 5. e5 Nd5 6. c4 Nc7 7. g3 Be7 8. Bg2 O-O 9. Nc3 f6 10. d4 cxd4 11. Nxd4 fxe5 12. Nxc6 bxc6 13. Qe2 Bc5 14. O-O Bd4 15. Na4 Qf6 16. Ba3 Rf7 17. Rae1 d5 18. Bd6 e4 19. Kh1 Ne8 20. Ba3 e5 21. f3 e3 22. f4 e4 23. Rd1 Ba6 24. Nc5 Bxc5 25. Bxc5 Nd6 26. Bxd6 Qxd6 27. Qxe3 Rd8 28. Rd4 Qe7 29. Rfd1 Bb7 30. b4 h6 31. a4 Rff8 32. cxd5 cxd5 33. h4 Rc8 34. R1d2 Rc1+ 35. Kh2 Rfc8 36. Rxd5 Bxd5 37. Rxd5 R1c2 38. Re5 Qxb4 39. Kh3 Qd2 40. Qxe4 Qd7+ 41. Kh2 Kh8 42. Re7 Qc6 43. Qxc6 R8xc6 44. Rxa7 Ra2 45. Kh3 Rc8 46. h5 Kg8 47. Bd5+ Kf8 48. Bxa2 Rc2 49. Bb3 Rc7 50. Rxc7 1-0


[Site "https://www.chess.com"]

[Event "Titled Tuesday Blitz June 27 Early 2023"]
[White "Harsh Suresh"]
[Black "Ter-Sahakyan, Samvel"]
[WhiteFideId "45018464"]
[BlackFideId "13302531"]
[WhiteElo "2834"]
[BlackElo "2904"]
[Result "0-1"]
[Round "11"]
[TimeControl "180+2"]
[Date "2023.06.27"]
[WhiteClock "0:02:13"]
[BlackClock "0:02:19"]
[Board "14"]

1. e4 c5 2. Nf3 d6 3. Bb5+ Nc6 4. O-O Bd7 5. Re1 Nf6 6. c3 a6 7. Bf1 Bg4 8. h3 Bxf3 9. Qxf3 e6 10. d3 Be7 11. Bf4 Rg8 12. Qe2 g5 13. Be3 g4 14. h4 g3 15. fxg3 Rxg3 16. Bf2 Rg8 17. Nd2 Ne5 18. Nf3 Nxf3+ 19. Qxf3 Ng4 20. h5 Nxf2 21. Qxf2 Bh4 22. Qf4 Bg3 23. Qh6 Qh4 24. Be2 Qh2+ 25. Kf1 Qh1# 0-1


[Site "https://www.chess.com"]

[Event "Titled Tuesday Blitz June 27 Early 2023"]
[White "Matinian, Nikita"]
[Black "Sethuraman, S.P."]
[WhiteFideId "24129100"]
[BlackFideId "5021596"]
[WhiteElo "2735"]
[BlackElo "2813"]
[Result "1-0"]
[Round "11"]
[TimeControl "180+2"]
[Date "2023.06.27"]
[WhiteClock "0:01:15"]
[BlackClock "0:00:00"]
[Board "15"]

1. e4 c5 2. Nf3 d6 3. d4 cxd4 4. Nxd4 Nf6 5. Nc3 Nc6 6. Bg5 e6 7. Qd3 h6 8. Bxf6 gxf6 9. O-O-O a6 10. f4 Bd7 11. Be2 Be7 12. Bh5 Qa5 13. f5 Nb4 14. Qc4 Rc8 15. Qb3 Kf8 16. Bxf7 exf5 17. exf5 d5 18. Be6 Rxc3 19. bxc3 Nxa2+ 20. Kb2 Ba4 21. Qxa2 Kg7 22. Rd3 Rd8 23. Re1 Rd6 24. Bxd5 Bd8 25. Bb3 Rb6 26. Ne6+ Kh7 27. Nxd8 Qxf5 28. Re7+ 1-0


[Site "https://www.chess.com"]

[Event "Titled Tuesday Blitz June 27 Early 2023"]
[White "Leon Oquendo, Jorge"]
[Black "Weetik, Vjacheslav"]
[WhiteFideId "3514803"]
[BlackFideId "4153472"]
[WhiteElo "2696"]
[BlackElo "2797"]
[Result "1/2-1/2"]
[Round "11"]
[TimeControl "180+2"]
[Date "2023.06.27"]
[WhiteClock "0:00:07"]
[BlackClock "0:00:04"]
[Board "16"]

1. e4 c6 2. d3 d5 3. Qe2 g6 4. Nf3 Bg7 5. g3 Bg4 6. Bg2 e5 7. O-O Ne7 8. h3 Bxf3 9. Bxf3 O-O 10. Bg2 Nd7 11. Nc3 dxe4 12. Nxe4 Qc7 13. a4 Rad8 14. a5 a6 15. Bd2 Rfe8 16. Bb4 c5 17. Bd2 Nf5 18. c3 h6 19. Rfe1 Ne7 20. Be3 Nd5 21. h4 Nxe3 22. Qxe3 f5 23. Nd2 Nf6 24. Nc4 e4 25. dxe4 Nxe4 26. Rad1 Rxd1 27. Rxd1 Qf7 28. Qd3 Kh7 29. Bxe4 fxe4 30. Qd5 Qf3 31. h5 gxh5 32. Ne3 Rf8 33. Rd2 h4 34. gxh4 Rf6 35. h5 Rf4 36. Qxc5 Rg4+ 37. Nxg4 Qxg4+ 38. Kf1 Qh3+ 39. Kg1 Qg4+ 40. Kf1 Qh3+ 41. Ke2 Qf3+ 42. Ke1 Qh1+ 43. Ke2 Qf3+ 44. Kf1 Qh1+ 45. Ke2 Qf3+ 1/2-1/2


[Site "https://www.chess.com"]

[Event "Titled Tuesday Blitz June 27 Early 2023"]
[White "Vakhlamov, Igor L."]
[Black "Preotu, Razvan"]
[WhiteFideId "24126748"]
[BlackFideId "2613280"]
[WhiteElo "2796"]
[BlackElo "2724"]
[Result "0-1"]
[Round "11"]
[TimeControl "180+2"]
[Date "2023.06.27"]
[WhiteClock "0:00:58"]
[BlackClock "0:01:21"]
[Board "17"]

1. e4 c5 2. Nf3 d6 3. Nc3 Nf6 4. d4 cxd4 5. Qxd4 Nc6 6. Bb5 Bd7 7. Bxc6 Bxc6 8. Bg5 e6 9. O-O-O Be7 10. Rhe1 O-O 11. e5 dxe5 12. Nxe5 Qc7 13. Qc4 Rac8 14. Nxc6 Qxc6 15. Qxc6 Rxc6 16. Ne4 Nxe4 17. Bxe7 Nxf2 18. Rd2 Re8 19. h3 f5 20. Rxf2 Rxe7 21. Rxf5 Rxc2+ 22. Kxc2 Rc7+ 23. Kd3 exf5 24. Re5 g6 25. g4 fxg4 26. hxg4 h6 27. a4 Kf7 28. b4 Kf6 29. Rb5 a6 30. Rxb7 Rxb7 0-1


[Site "https://www.chess.com"]

[Event "Titled Tuesday Blitz June 27 Early 2023"]
[White "djokovic74"]
[Black "Atakhan, Abtin"]
[BlackFideId "22502203"]
[WhiteElo "2688"]
[BlackElo "2759"]
[Result "1-0"]
[Round "11"]
[TimeControl "180+2"]
[Date "2023.06.27"]
[WhiteClock "0:00:03"]
[BlackClock "0:00:03"]
[Board "18"]

1. e4 c5 2. Nf3 d6 3. d4 cxd4 4. Nxd4 Nf6 5. Nc3 a6 6. Be2 e5 7. Nb3 Be7 8. O-O O-O 9. Kh1 Nc6 10. f4 Re8 11. a4 exf4 12. Bxf4 Be6 13. Qe1 Ne5 14. Rd1 Qc7 15. Qg3 Rad8 16. Nd4 Ng6 17. Be3 Ne5 18. Nf5 Bxf5 19. Rxf5 Qc6 20. Rf4 Ng6 21. Rff1 Nxe4 22. Nxe4 Qxe4 23. Bd3 Qe5 24. Qf3 Bf6 25. Bc1 d5 26. g3 Re7 27. b3 Qc3 28. Bd2 Qc5 29. Qf5 Qc6 30. Bb4 Re5 31. Qf3 Rde8 32. Bd2 R5e7 33. Qf5 Re5 34. Qf3 Qd7 35. Kg1 R5e7 36. Qg2 Bd4+ 37. Kh1 Be3 38. Bb4 Re5 39. Rf3 d4 40. Rdf1 f6 41. Bc4+ Kh8 42. Bd3 Rh5 43. Rf5 Rxf5 44. Bxf5 Qc7 45. Qh3 Qc6+ 46. Qg2 Ne5 47. Qxc6 Nxc6 48. Be1 Rd8 49. Kg2 g6 50. Bd3 Kg7 51. Be2 Ne5 52. Ba5 Rc8 53. Bd1 Nc6 54. Be1 Ne5 55. Ba5 Rc5 56. Be1 Rc6 57. Bb4 h5 58. Be1 Nf7 59. Kf3 Nd6 60. Ke2 Nf5 61. Kd3 Nh6 62. h3 Nf5 63. g4 hxg4 64. hxg4 Ne7 65. a5 Nd5 66. Bf3 Rc5 67. Bxd5 Rxd5 68. Bg3 Rxa5 69. Bd6 Rd5 70. Bb4 Rd7 71. Bc5 Rc7 72. Bb4 b6 73. Ra1 a5 74. Be1 Kh6 75. Ra4 Kg5 76. Ra1 Kxg4 77. c3 Rd7 78. c4 Kf5 79. b4 axb4 80. Bxb4 Ke6 81. Rf1 f5 82. Rb1 g5 83. Ba3 Rb7 84. Bc5 g4 85. Bxb6 g3 86. c5 g2 87. c6 Rxb6 88. c7 Rc6 89. Rb6 g1=Q 90. c8=Q+ Kd5 91. Qxc6+ Ke5 92. Qd6# 1-0


[Site "https://www.chess.com"]

[Event "Titled Tuesday Blitz June 27 Early 2023"]
[White "Colas, Joshua"]
[Black "Renjith, Sravan"]
[WhiteFideId "2044447"]
[BlackFideId "4306783"]
[WhiteElo "2646"]
[BlackElo "2752"]
[Result "1-0"]
[Round "11"]
[TimeControl "180+2"]
[Date "2023.06.27"]
[WhiteClock "0:00:33"]
[BlackClock "0:00:00"]
[Board "19"]

1. Nf3 Nf6 2. c4 e6 3. g3 d5 4. d4 c5 5. Bg2 Nc6 6. O-O Be7 7. cxd5 exd5 8. Nc3 O-O 9. dxc5 Bxc5 10. Bg5 d4 11. Bxf6 Qxf6 12. Ne4 Qe7 13. Nxc5 Qxc5 14. Qd2 Be6 15. Rac1 Qb6 16. b3 Rfd8 17. Rfd1 Rac8 18. Ng5 Bf5 19. Qf4 Bg6 20. Nf3 Re8 21. Rd2 Re4 22. Qd6 Rd8 23. Qc5 Qa6 24. Nh4 Re5 25. Qc4 Qxc4 26. Rxc4 Be4 27. Bxe4 Rxe4 28. Nf3 Kf8 29. e3 Re7 30. Nxd4 Red7 31. Nxc6 Rxd2 32. Nxd8 Rxd8 33. Rc7 Rd2 34. a4 Rb2 35. Rxb7 a5 36. Kg2 g6 37. h4 Kg7 38. g4 Kf6 39. Kf3 Ke6 40. Rb5 f6 41. g5 f5 42. Rxa5 Rxb3 43. Ra7 Ra3 44. Rxh7 Rxa4 45. Rg7 Rxh4 46. Rxg6+ Ke5 47. Rg8 Ra4 48. Re8+ Kd6 49. Ke2 Rg4 50. f4 Kd7 51. Re5 1-0


[Site "https://www.chess.com"]

[Event "Titled Tuesday Blitz June 27 Early 2023"]
[White "Postny, Evgeny"]
[Black "Iskusnyh, Sergei"]
[WhiteFideId "2804344"]
[BlackFideId "4120027"]
[WhiteElo "2746"]
[BlackElo "2632"]
[Result "0-1"]
[Round "11"]
[TimeControl "180+2"]
[Date "2023.06.27"]
[WhiteClock "0:00:00"]
[BlackClock "0:00:03"]
[Board "20"]

1. e4 c6 2. d4 d5 3. Nc3 dxe4 4. Nxe4 Nf6 5. Nxf6+ exf6 6. c3 Bd6 7. Bd3 Na6 8. Ne2 Nc7 9. Bf4 Bg4 10. Bxd6 Qxd6 11. Qd2 O-O 12. O-O-O Bxe2 13. Qxe2 Rfe8 14. Qc2 h6 15. h4 b5 16. Kb1 a5 17. g4 Ne6 18. Bf5 Nf4 19. g5 g6 20. Bd3 fxg5 21. hxg5 hxg5 22. Rdg1 Qf6 23. Be4 Kg7 24. f3 Rac8 25. a3 Rh8 26. Qb3 a4 27. Qb4 Qe6 28. Qc5 f5 29. Bc2 Qf7 30. Rxh8 Rxh8 31. Re1 Re8 32. Rd1 Qf6 33. Qa7+ Re7 34. Qa8 g4 35. fxg4 fxg4 36. Rh1 Nh5 37. Qc8 Qf3 38. Rg1 g3 39. Qd8 Rf7 40. Qd6 Qf2 41. Qe5+ Kh6 42. Rh1 g2 43. Rxh5+ gxh5 44. Qe6+ Rf6 0-1


[Site "https://www.chess.com"]

[Event "Titled Tuesday Blitz June 27 Early 2023"]
[White "splendidkid"]
[Black "Mickiewicz, Piotr"]
[BlackFideId "1114891"]
[WhiteElo "2741"]
[BlackElo "2446"]
[Result "1/2-1/2"]
[Round "11"]
[TimeControl "180+2"]
[Date "2023.06.27"]
[WhiteClock "0:00:11"]
[BlackClock "0:00:09"]
[Board "21"]

1. d4 d5 2. c4 e6 3. Nf3 Nf6 4. Nc3 a6 5. cxd5 exd5 6. Bf4 Be6 7. e3 h6 8. Bd3 Bd6 9. Bg3 Bxg3 10. hxg3 Qd6 11. Qb3 b5 12. Rc1 c6 13. Qc2 Nbd7 14. Nb1 Rc8 15. Nbd2 O-O 16. Nb3 Rfe8 17. O-O Bg4 18. Nh4 Rc7 19. a4 g5 20. Nf5 Bxf5 21. Bxf5 Nb6 22. axb5 axb5 23. Nc5 Nc4 24. b3 Nb6 25. Ra1 Nbd7 26. Rfc1 Nxc5 27. Qxc5 Qxc5 28. Rxc5 Ne4 29. Bxe4 Rxe4 30. Rac1 f5 31. Rxc6 Rxc6 32. Rxc6 f4 33. gxf4 gxf4 34. Rc3 fxe3 35. fxe3 b4 36. Rc8+ Kg7 37. Kf2 Re6 38. Rc7+ Kg8 39. Rc5 Rf6+ 40. Ke2 Rg6 41. Rxd5 Rxg2+ 42. Kd3 Rb2 43. Kc4 Re2 44. Re5 h5 45. Kxb4 h4 46. Kc3 h3 47. Kd3 h2 48. Rg5+ Kf7 49. Rh5 Rb2 50. Ke4 Kg6 51. Rh8 Kg5 52. d5 Kg4 53. d6 Kg3 54. Ke5 Rxb3 55. e4 Rd3 56. Ke6 Kg2 57. Rxh2+ Kxh2 58. e5 Kg3 59. Ke7 Kf4 60. e6 Ke5 61. d7 Rd6 62. Kf7 Kf5 63. e7 Rxd7 64. Kf8 Rxe7 65. Kxe7 1/2-1/2


[Site "https://www.chess.com"]

[Event "Titled Tuesday Blitz June 27 Early 2023"]
[White "Baskakov, Egor"]
[Black "Eugene, Floryan"]
[WhiteFideId "24197866"]
[BlackFideId "20694784"]
[WhiteElo "2888"]
[BlackElo "2681"]
[Result "0-1"]
[Round "11"]
[TimeControl "180+2"]
[Date "2023.06.27"]
[WhiteClock "0:00:36"]
[BlackClock "0:01:15"]
[Board "22"]

1. e4 c5 2. g3 Nc6 3. Bg2 g6 4. Ne2 Bg7 5. O-O e6 6. c3 Nge7 7. d4 cxd4 8. Nxd4 d5 9. exd5 Nxd4 10. cxd4 Nxd5 11. Nc3 O-O 12. Nxd5 exd5 13. Bf4 Qb6 14. Be5 Qxb2 15. Re1 Be6 16. a4 Rac8 17. Rb1 Qa3 18. Rxb7 Bh6 19. Rxa7 Rc1 20. Qe2 Rfc8 21. Bf1 Rxe1 22. Qxe1 Rc1 23. Ra8+ Bf8 24. Rxf8+ Kxf8 25. Bd6+ Kg8 26. Bxa3 Rxe1 27. Kg2 Ra1 28. Bc5 Rxa4 29. Bb5 Ra2 30. Kf3 f6 31. h4 h6 32. Ke3 g5 33. hxg5 hxg5 34. f4 g4 35. Bd3 Rg2 36. f5 Rxg3+ 37. Ke2 Bd7 38. Bd6 Rf3 0-1


[Site "https://www.chess.com"]

[Event "Titled Tuesday Blitz June 27 Early 2023"]
[White "Schnaider, Ilan"]
[Black "Molina, Roberto Junio Brito"]
[WhiteFideId "169013"]
[BlackFideId "2109450"]
[WhiteElo "2671"]
[BlackElo "2832"]
[Result "0-1"]
[Round "11"]
[TimeControl "180+2"]
[Date "2023.06.27"]
[WhiteClock "0:00:08"]
[BlackClock "0:00:14"]
[Board "23"]

1. e4 c6 2. Nc3 d5 3. Nf3 dxe4 4. Nxe4 Bg4 5. h3 Bxf3 6. Qxf3 Nd7 7. d4 Ndf6 8. c3 Nxe4 9. Qxe4 Nf6 10. Qc2 Qd5 11. Be3 e6 12. Qb3 Qxb3 13. axb3 a6 14. b4 Rc8 15. Bd3 Bd6 16. Kd2 Nd5 17. Rhe1 Kd7 18. Be4 Rce8 19. g3 h6 20. h4 f5 21. Bf3 Rhf8 22. Bh5 Re7 23. f4 Rg8 24. Bf3 Nxe3 25. Kxe3 g5 26. hxg5 hxg5 27. Rh1 Reg7 28. Rh5 Be7 29. Rah1 Bf6 30. Rh6 Ke7 31. b3 gxf4+ 32. gxf4 Rg1 33. Rh7+ R8g7 34. Rxg7+ Rxg7 35. Kf2 Kd6 36. Rh8 Kd7 37. Rb8 Bh4+ 38. Ke3 Kd6 39. c4 Kc7 40. Re8 Be7 41. Bh5 Kd7 42. Rb8 Kc7 43. Re8 Bxb4 44. Rxe6 Rg3+ 45. Bf3 Rh3 46. Rf6 Rh2 47. Be2 Ba3 48. Rxf5 Bc1+ 49. Kf3 Rh3+ 50. Kg4 Rxb3 51. Rf7+ Kd6 52. c5+ Kd5 53. Rd7+ Ke4 54. Bf3+ Ke3 55. Re7+ Kxd4 56. f5 Kxc5 57. f6 Bb2 58. f7 Bg7 59. Re6 a5 60. Rg6 Bf8 61. Rg5+ Kd6 62. Rg8 Ke7 63. Rg5 a4 64. Ra5 a3 65. Ra7 Kf6 66. Kf4 Bc5 67. Ra5 Bd6+ 68. Ke4 Kxf7 69. Bd1 Rb2 70. Kd4 Ke7 71. Kc3 Rb1 72. Bc2 Bb4+ 73. Kc4 Rb2 74. Re5+ Kd6 75. Re2 a2 76. Re1 Rxc2+ 77. Kxb4 Rc5 78. Kb3 Ra5 79. Ra1 b5 80. Kb4 Ra4+ 81. Kb3 Kc5 82. Rc1+ Kb6 83. Ra1 c5 84. Kc3 Ra3+ 85. Kb2 b4 86. Kc2 Kb5 87. Kb2 Kc4 88. Kc2 Rh3 89. Rxa2 b3+ 90. Kb1 Rh1+ 91. Kb2 Rh2+ 92. Ka3 bxa2 93. Ka4 Rh3 94. Ka5 Rb3 95. Ka6 Kc3 96. Ka7 Kb2 97. Ka6 c4 98. Ka5 Kc2 99. Ka4 Kc1 0-1


[Site "https://www.chess.com"]

[Event "Titled Tuesday Blitz June 27 Early 2023"]
[White "Taspinar, Yanki"]
[Black "Harshavardhan G B"]
[WhiteFideId "34561188"]
[BlackFideId "25059009"]
[WhiteElo "2668"]
[BlackElo "2810"]
[Result "0-1"]
[Round "11"]
[TimeControl "180+2"]
[Date "2023.06.27"]
[WhiteClock "0:00:00"]
[BlackClock "0:01:33"]
[Board "24"]

1. Nf3 Nf6 2. g3 g6 3. Bg2 Bg7 4. O-O O-O 5. d4 d6 6. b3 e5 7. dxe5 Nfd7 8. Bb2 Nc6 9. Nbd2 dxe5 10. e4 Qe7 11. a3 Rd8 12. Qe2 Nf8 13. Rad1 a5 14. h3 a4 15. b4 Be6 16. Nc4 Nd4 17. Nxd4 exd4 18. e5 Bxc4 19. Qxc4 Bxe5 20. Bxb7 Rab8 21. Bc6 h5 22. Bxd4 h4 23. Bxe5 Qxe5 24. Rxd8 Rxd8 25. Qxh4 Rd4 26. g4 Ne6 27. Qg3 Nf4 28. Qe3 Qd6 29. Bg2 Rc4 30. c3 Rxc3 31. Qe8+ Kg7 32. Qxa4 Qd3 33. Qd1 Qc4 34. Qd2 Rc2 35. Qe3 Rc3 36. Qe5+ Kh7 37. Rd1 Rxh3 38. Bxh3 Nxh3+ 39. Kg2 Qxg4+ 40. Qg3 Nf4+ 41. Kh2 Qh5+ 42. Kg1 Qxd1+ 43. Kh2 Qh5+ 44. Kg1 Ne2+ 45. Kg2 Nxg3 0-1


[Site "https://www.chess.com"]

[Event "Titled Tuesday Blitz June 27 Early 2023"]
[White "Halkias, Stelios"]
[Black "Alex_Sahakyan2006"]
[WhiteFideId "4201809"]
[WhiteElo "2780"]
[BlackElo "2661"]
[Result "0-1"]
[Round "11"]
[TimeControl "180+2"]
[Date "2023.06.27"]
[WhiteClock "0:00:17"]
[BlackClock "0:00:31"]
[Board "25"]

1. Nf3 Nf6 2. c4 g6 3. Nc3 Bg7 4. e4 d6 5. d4 O-O 6. Be2 e5 7. Be3 Nc6 8. d5 Ne7 9. Nd2 a5 10. a3 Ne8 11. b4 f5 12. f3 f4 13. Bf2 g5 14. c5 h5 15. O-O Nf6 16. Nc4 g4 17. cxd6 cxd6 18. Nb5 gxf3 19. Bxf3 Ng4 20. Nbxd6 Nxf2 21. Rxf2 axb4 22. axb4 Rxa1 23. Qxa1 Nxd5 24. Nxc8 Qxc8 25. Nd6 Qc7 26. Nf5 Rxf5 27. exf5 e4 28. Qd1 Ne3 29. Qb3+ Kh7 30. Be2 Qc1+ 31. Rf1 Nxf1 32. f6 Nd2+ 0-1


[Site "https://www.chess.com"]

[Event "Titled Tuesday Blitz June 27 Early 2023"]
[White "Morefield, Jason"]
[Black "Weishaeutel, Moritz"]
[WhiteFideId "30920825"]
[BlackFideId "12967300"]
[WhiteElo "2757"]
[BlackElo "2658"]
[Result "1-0"]
[Round "11"]
[TimeControl "180+2"]
[Date "2023.06.27"]
[WhiteClock "0:00:04"]
[BlackClock "0:00:11"]
[Board "26"]

1. e4 e5 2. Nf3 Nf6 3. Nxe5 Nxe4 4. Qe2 Qe7 5. Qxe4 d6 6. d4 dxe5 7. dxe5 Nc6 8. Nc3 Qxe5 9. Qxe5+ Nxe5 10. Nb5 Bb4+ 11. Bd2 Bxd2+ 12. Kxd2 Kd8 13. Re1 Nd7 14. Bc4 Rf8 15. Kc3 a6 16. Nd4 Nb6 17. Rd1 Bd7 18. Rhe1 Nxc4 19. Kxc4 Re8 20. Nf3 Rxe1 21. Rxe1 Be6+ 22. Kc5 Ke7 23. c4 Rd8 24. a4 Rd3 25. Re3 Rd1 26. b3 f6 27. a5 Kd7 28. Re4 Ra1 29. b4 Ra2 30. Rd4+ Ke7 31. Rd2 Ra3 32. Nd4 Bf7 33. Nf5+ Ke6 34. Nxg7+ Ke5 35. Re2+ Kf4 36. Re7 Bg6 37. Ne6+ Kg4 38. Nxc7 Ra2 39. f3+ Kf4 40. Nd5+ Kf5 41. h4 h5 42. g3 Ra3 43. Ne3+ Rxe3 44. Rxe3 Bf7 45. Kd4 Kg6 46. b5 f5 47. bxa6 f4 48. gxf4 bxa6 49. Ke5 Kh6 50. c5 Be8 51. Kf6 Bb5 52. f5 Bc6 53. Re6 Bd7 54. c6 Bc8 55. Re8 Kh7 56. Rxc8 1-0


[Site "https://www.chess.com"]

[Event "Titled Tuesday Blitz June 27 Early 2023"]
[White "Aradhya, Garg"]
[Black "Bauman_Guy"]
[WhiteFideId "25006746"]
[WhiteElo "2748"]
[BlackElo "2695"]
[Result "1-0"]
[Round "11"]
[TimeControl "180+2"]
[Date "2023.06.27"]
[WhiteClock "0:00:38"]
[BlackClock "0:00:12"]
[Board "27"]

1. d4 Nf6 2. c4 e6 3. Nf3 b6 4. a3 Bb7 5. Bf4 Bd6 6. Bxd6 cxd6 7. Nc3 O-O 8. d5 Re8 9. e3 a5 10. Bd3 Na6 11. O-O Nc5 12. Re1 exd5 13. cxd5 Nfe4 14. Nxe4 Nxe4 15. Bxe4 Rxe4 16. Qd3 Re7 17. Rac1 Rc8 18. b4 Re8 19. Nd2 Qg5 20. Rxc8 Rxc8 21. e4 axb4 22. axb4 b5 23. Nf3 Rc1 24. Nxg5 Rxe1+ 25. Qf1 Rxf1+ 26. Kxf1 h6 27. Nh3 g6 28. Ke2 Kf8 29. Ke3 Ke7 30. Kd4 f6 31. Nf4 Kf7 32. Ne2 Ba6 33. Nc3 Ke7 34. f4 Kf7 35. e5 dxe5+ 36. fxe5 fxe5+ 37. Kxe5 Ke7 38. d6+ Kf7 39. g3 g5 40. Kf5 Kg7 41. Nd5 Bb7 42. Nc7 Bc6 43. Ke5 Kg6 44. Kd4 Kf5 45. Kc5 Kg4 46. Nxb5 Kh3 47. Nd4 Be4 48. b5 Kxh2 49. Nc6 Kxg3 50. Ne5 h5 51. Nxd7 h4 52. Nf6 h3 53. Nxe4+ Kf4 54. Nf2 h2 55. d7 g4 56. d8=Q g3 57. Qd6+ Kf3 58. Nh1 Kg2 59. Nxg3 1-0


[Site "https://www.chess.com"]

[Event "Titled Tuesday Blitz June 27 Early 2023"]
[White "Csonka, Balazs"]
[Black "Vlassov, Nikolai"]
[WhiteFideId "742910"]
[BlackFideId "4103360"]
[WhiteElo "2736"]
[BlackElo "2636"]
[Result "1/2-1/2"]
[Round "11"]
[TimeControl "180+2"]
[Date "2023.06.27"]
[WhiteClock "0:00:05"]
[BlackClock "0:00:05"]
[Board "28"]

1. d4 Nf6 2. c4 Nc6 3. Nf3 e6 4. Nc3 Bb4 5. Qc2 d6 6. Bg5 h6 7. Bd2 O-O 8. a3 Bxc3 9. Bxc3 Qe7 10. e4 e5 11. d5 Nd4 12. Nxd4 exd4 13. Bxd4 Qxe4+ 14. Qxe4 Nxe4 15. f3 Nc5 16. Bxc5 dxc5 17. Bd3 Re8+ 18. Kd2 Bd7 19. b4 cxb4 20. axb4 b6 21. Kc3 Kf8 22. c5 Red8 23. Bc4 Be8 24. Ra3 f6 25. Rha1 a5 26. Kb2 Bf7 27. cxb6 cxb6 28. bxa5 bxa5 29. Rxa5 Rac8 30. R1a4 Rc7 31. Rb4 Ke7 32. Bb3 Rd6 33. Re4+ Kd8 34. Rd4 Rcd7 35. Rd2 Rb7 36. Kc3 Rdd7 37. Bc4 Rdc7 38. Rd4 Kd7 39. Kd3 Rb6 40. g4 Kd6 41. h4 g5 42. hxg5 hxg5 43. f4 gxf4 44. Rxf4 Bg6+ 45. Kd4 Rb4 46. Ra6+ Kd7 47. Kc3 Rb1 48. Raxf6 Rc1+ 49. Kb4 Rb1+ 50. Kc3 Rc1+ 51. Kd2 R1xc4 52. Rxc4 Rxc4 53. Rxg6 Rd4+ 54. Ke3 Rxd5 55. Rf6 Ke7 56. Rf1 Ra5 57. Ke4 Ke6 58. Rf3 Ra4+ 59. Ke3 Rxg4 60. Rf4 Rxf4 61. Kxf4 1/2-1/2


[Site "https://www.chess.com"]

[Event "Titled Tuesday Blitz June 27 Early 2023"]
[White "Jaskolka, Tomasz"]
[Black "Kourkoulos-Arditis, Stamatis"]
[WhiteFideId "1170791"]
[BlackFideId "4221990"]
[WhiteElo "2637"]
[BlackElo "2711"]
[Result "0-1"]
[Round "11"]
[TimeControl "180+2"]
[Date "2023.06.27"]
[WhiteClock "0:00:05"]
[BlackClock "0:00:36"]
[Board "29"]

1. d4 Nf6 2. Nc3 d5 3. Bf4 Bd7 4. e3 e6 5. Nf3 c5 6. a3 a6 7. Be2 Bc6 8. O-O Bd6 9. Ne5 O-O 10. Bd3 h6 11. Qf3 Bxe5 12. Bxe5 Nbd7 13. Bg3 Re8 14. Rfd1 e5 15. dxe5 Nxe5 16. Bxe5 Rxe5 17. Qg3 Rg5 18. Qh4 d4 19. Bf1 Nd7 20. exd4 Rxg2+ 21. Bxg2 Qxh4 22. d5 Bb5 23. a4 Bc4 24. b3 Re8 25. bxc4 Qxc4 26. Rd3 Re5 27. Rb1 b6 28. Rg3 Rg5 29. Rb3 Ne5 30. Ne4 Rxg3 31. Rxg3 Qxc2 32. h4 Kf8 33. d6 Qd1+ 34. Kh2 f5 35. Nc3 Qxd6 36. Nd5 Ng4+ 37. Kg1 b5 38. axb5 axb5 39. Ra3 Kg8 40. Ra8+ Kh7 41. Re8 Qh2+ 42. Kf1 Qxh4 43. Re2 b4 44. Nf4 Nh2+ 45. Kg1 Qxf4 46. Re3 Ng4 47. Rf3 Qc1+ 48. Bf1 c4 49. Rxf5 b3 50. Kg2 b2 51. Rc5 b1=Q 52. Bxc4 Qh1+ 53. Kg3 Qbg1+ 54. Kf4 Qxf2+ 55. Kxg4 Qhf3# 0-1


[Site "https://www.chess.com"]

[Event "Titled Tuesday Blitz June 27 Early 2023"]
[White "Hambleton, Aman"]
[Black "Ahmad, Khagan"]
[WhiteFideId "2606577"]
[BlackFideId "13431552"]
[WhiteElo "2706"]
[BlackElo "2633"]
[Result "0-1"]
[Round "11"]
[TimeControl "180+2"]
[Date "2023.06.27"]
[WhiteClock "0:00:00"]
[BlackClock "0:00:02"]
[Board "30"]

1. d4 Nf6 2. Bf4 d5 3. e3 c5 4. c3 Nc6 5. Nd2 Bf5 6. Qb3 Qc8 7. Ngf3 e6 8. Be2 Be7 9. O-O Nh5 10. Be5 f6 11. Bg3 Nxg3 12. hxg3 O-O 13. Nh4 c4 14. Qd1 Qe8 15. b3 b5 16. a4 b4 17. Nxf5 exf5 18. bxc4 bxc3 19. cxd5 Nb4 20. d6 Bxd6 21. Qb3+ Kh8 22. Qxc3 Rc8 23. Nc4 Qe7 24. Qb3 Nd5 25. Bf3 Rb8 26. Qd1 Nc3 27. Qd2 Bb4 28. Qd3 Ne4 29. Rfc1 Rfd8 30. Rab1 a5 31. g4 g6 32. gxf5 gxf5 33. Qe2 Nc3 34. Rxc3 Bxc3 35. Rxb8 Rxb8 36. Qd3 Bb4 37. Qxf5 Bd6 38. g3 Bc7 39. Be4 Rg8 40. Nxa5 Rg5 41. Qc8+ Rg8 42. Qa6 Bxa5 43. Bd3 Bc7 44. Qc4 Bxg3 45. Kf1 Bd6 46. Qd5 Rg7 47. Qa8+ Rg8 48. Qd5 Rd8 49. Qf5 Qg7 50. a5 Qg6 51. Qb5 Qg5 52. Qb6 f5 53. a6 f4 54. a7 fxe3 55. Qc6 e2+ 56. Kxe2 Qa5 0-1


[Site "https://www.chess.com"]